 Dungeon Crawl Stone Soup version 0.25.0-17-g773c8c6189 (console) character file.

Game seed: 6923596170973195389

7 Colgate the Chucker (level 1, 19/19 HPs)
             Began as a Troll Hunter on June 30, 2020.
             Got out of the dungeon alive.
             The game lasted 00:07:53 (316 turns).

Colgate the Chucker (Troll Hunter)                   Turns: 316, Time: 00:07:54

Health: 19/19      AC:  6    Str: 19    XL:     1   Next: 91%
Magic:  0/0        EV: 10    Int:  7    God:
Gold:   28         SH:  0    Dex: 10    Spells: 0/0 levels left

rFire    . . .     SeeInvis .   (no weapon)
rCold    . . .     Gourm    +   (no shield)
rNeg     . . .     Faith    .   b - +0 robe
rPois    .         Spirit   .   (helmet restricted)
rElec    .         Reflect  .   (no cloak)
rCorr    .         Harm     .   (gloves unavailable)
MR       .....                  (boots unavailable)
Stlth    +.........             (no amulet)
HPRegen  0.46/turn              (no ring)
MPRegen  0.07/turn              (no ring)

@: no status effects
A: large, unfitting armour, claws 3, fast metabolism 3, gourmand, regeneration
1, shaggy fur 1, tough skin 3
a: no special abilities


You escaped.
You were completely stuffed.

You visited 1 branch of the dungeon, and saw 1 of its levels.

You collected 28 gold pieces.

Inventory:

Hand Weapons
 a - a +0 short sword
 e - a +0 dagger
 h - a +0 club
 j - a +0 whip
Missiles
 c - 5 large rocks (quivered)
 d - 2 throwing nets
 n - 17 bolts
Armour
 b - a +0 robe (worn)
Scrolls
 g - a scroll of remove curse {unknown}
 l - a scroll of teleportation {unknown}
 m - 2 scrolls of identify {unknown}
Potions
 i - a potion of flight {unknown}
Comestibles
 f - 3 rations


   Skills:
 + Level 1.5 Fighting
 + Level 4.0 Throwing
 + Level 1.5 Dodging
 + Level 0.3 Stealth


You couldn't memorise any spells.
You didn't know any spells.
Your spell library was empty.

Dungeon Overview and Level Annotations

Branches:
Dungeon (1/15)

Altars:


Innate Abilities, Weirdness & Mutations

You are too large for most types of armour.
You have claws for hands.
Your metabolism is lightning-fast.
You like to eat raw meat.
Your natural rate of healing is unusually fast.
You are covered in fur. (AC +1)
You have extremely tough skin. (AC +3)


Message History

The kobold shouts!
You barely miss the kobold. The kobold closely misses you.
You barely miss the kobold. The kobold hits you but does no damage.
You closely miss the kobold. The kobold hits you.
You barely miss the kobold. The kobold hits you but does no damage.
You closely miss the kobold. The kobold hits you but does no damage.
You closely miss the kobold. The kobold hits you.
You closely miss the kobold. The kobold hits you but does no damage.
You miss the kobold. The kobold hits you.
You closely miss the kobold. The kobold hits you.
You closely miss the kobold. The kobold hits you but does no damage.
You scratch the kobold.
You kill the kobold!
Your Throwing skill increases to level 4!
HP restored.
All of the chunks of flesh in your inventory have rotted away.
There is an empty arch of ancient stone here.
There is a staircase leading out of the dungeon here.
Are you sure you want to leave the Dungeon?
This will make you lose the game!
You have escaped!

#.####..........♣.##.........#
#.##.∩.............#.........#
#.####.....8......♣#........##
#.# #...........♣..#.########
#.#####............#.#
#..##.∩............#.##########
...####............#..........###
.....#............♣#.............
....##.....♣.......#..........###
....##.............#..........#
....##..........@.##..........#
.....∩...........##...........#
....##...♣......##..###########
.....##........≈#..##
...#..######♣♣###.##
#.###..>...####...# #.#
#.####......### #.# #.# ########
#. #.# #. #.# #.#


There were no monsters in sight!

Vanquished Creatures
  A hobgoblin (D:1)
  4 jackals (D:1)
  A kobold (D:1)
6 creatures vanquished.

Notes
Turn   | Place    | Note
-------+----------+-------------------------------------------
     0 | D:1      | Colgate the Troll Hunter began the quest for the Orb.
     0 | D:1      | Reached XP level 1. HP: 19/19 MP: 0/0
   290 | D:1      | Reached skill level 4 in Throwing
   316 | D:$      | Got out of the dungeon alive.

Illustrated notes

Levels and vault maps discovered:
D:1:      nzn_arrival_settlement, layout_basic

Skill      XL: |  1 |
---------------+----+-----
Throwing       | 4 |  4.0
Fighting       | |  1.5
Dodging        | |  1.5
Stealth        | |  0.3

Action                   || total
-------------------------++-------
Melee: Unarmed           ||    28
Throw: Large rock        ||     1
  Eat: Chunk             ||     8
Armor: Robe              ||    13
Dodge: Dodged            ||    15
